 Dungeon Crawl Stone Soup version 0.25.1-2-g60ff931df9 (webtiles) character file.

Game seed: 11045594087806839078

11094 Almogavar the Carver (level 11, -2/94 HPs)
             Began as a Minotaur Fighter on Aug 28, 2020.
             Was a Priest of Makhleb.
             Slain by a five-headed hydra (8 damage)
             ... on level 1 of the Lair of Beasts.
             The game lasted 00:50:41 (10290 turns).

Almogavar the Carver (Minotaur Fighter)            Turns: 10290, Time: 00:50:41

Health: -2/94      AC: 24    Str: 24    XL:     11   Next: 44%
Magic:  10/10      EV:  8    Int:  5    God:    Makhleb [***...]
Gold:   238        SH:  0    Dex: 13    Spells: 10/10 levels left

rFire    + . .     SeeInvis .   i - +0 great mace
rCold    + . .     Gourm    .   (shield currently unavailable)
rNeg     . . .     Faith    .   y - +3 plate armour {rC+}
rPois    .         Spirit   .   v - +1 hat
rElec    .         Reflect  .   z - +0 cloak
rCorr    .         Harm     .   G - +2 pair of gloves {Dex+3}
MR       .....                  C - +0 pair of boots {Stlth+}
Stlth    ..........             r - amulet of the acrobat
HPRegen  0.25/turn              j - ring of protection from fire
MPRegen  0.12/turn              (no ring)

@: no status effects
A: retaliatory headbutt, horns 2
a: Minor Destruction, Lesser Servant of Makhleb, Renounce Religion


You were on level 1 of the Lair of Beasts.
You worshipped Makhleb.
Makhleb was most pleased with you.
You were not hungry.

You visited 3 branches of the dungeon, and saw 12 of its levels.
You visited the Abyss 1 time.

You collected 845 gold pieces.
You spent 607 gold pieces at shops.

Inventory:

Hand Weapons
 i - a +0 great mace (weapon)
 m - a +0 hunting sling
 s - the +12 falchion of Duzibuschu {freeze, rF+ MP+9 Str+2 Int+3}
   (You took it off an orc on level 4 of the Dungeon)

   It has been specially enchanted to freeze those struck by it, causing extra
   injury to most foes and up to half again as much damage against particularly
   susceptible opponents.
   It can also slow down cold-blooded creatures.
   It affects your strength (+2).
   It affects your intelligence (+3).
   It protects you from fire.
   It affects your magic capacity (+9).
Missiles
 A - 3 boomerangs (quivered)
 J - 3 javelins
Armour
 c - a +1 kite shield
 v - a +1 hat (worn)
 y - a +3 plate armour of cold resistance (worn)
 z - a +0 cloak (worn)
 C - a +0 pair of boots of stealth (worn)
 G - a +2 pair of gloves of dexterity (worn)
Jewellery
 j - a ring of protection from fire (left hand)
 r - an amulet of the acrobat (around neck)
Wands
 B - a wand of disintegration (9)
 D - a wand of flame (25)
Scrolls
 a - a scroll of summoning
 e - 4 scrolls of teleportation
 k - 4 scrolls of magic mapping
 p - 3 scrolls of remove curse
 t - 2 scrolls of enchant weapon
 H - a scroll of amnesia {unknown}
 K - a scroll of fog
Potions
 b - a potion of mutation
 d - 3 potions of might
 g - 2 potions of curing
 h - 2 potions of cancellation
 q - 4 potions of lignification
 w - 3 potions of heal wounds
 x - 4 potions of degeneration {unknown}
 F - a potion of resistance {unknown}
Comestibles
 f - 24 rations


   Skills:
 + Level 8.0 Fighting
 - Level 14.1 Long Blades
 - Level 5.8 Maces & Flails
 + Level 9.8 Armour
 + Level 2.9 Dodging
 - Level 0.2 Stealth
 + Level 9.7 Shields
 + Level 0.9 Invocations


You had 10 spell levels left.
You didn't know any spells.
Your spell library contained the following spells:

 Spells                   Type           Power        Failure   Level  Hunger
 Corona                   Hex            #......      99%         1    ##.....
 Freeze                   Ice            #...         99%         1    ##.....
 Infusion                 Chrm           #...         99%         1    ##.....
 Magic Dart               Conj           #...         99%         1    ##.....
 Sandblast                Erth           #.....       99%         1    ##.....
 Ensorcelled Hibernation  Hex/Ice        #.....       100%        2    ###....
 Passwall                 Tmut/Erth      #.......     100%        2    ###....
 Poisonous Vapours        Pois/Air       #.....       100%        2    ###....
 Searing Ray              Conj           #.....       100%        2    ###....
 Shroud of Golubria       Chrm/Tloc      #.....       100%        2    ###....
 Song of Slaying          Chrm           #.......     100%        2    ###....
 Confusing Touch          Hex            #.......     100%        3    ####...
 Conjure Flame            Conj/Fire      #.......     100%        3    ####...
 Dazzling Flash           Conj/Hex       #.....       100%        3    ####...
 Frozen Ramparts          Ice            #.....       100%        3    ####...
 Mephitic Cloud           Conj/Pois/Air  #.......     100%        3    ####...
 Ozocubu's Armour         Chrm/Ice       #.......     100%        3    ####...
 Spectral Weapon          Hex/Chrm       #.......     100%        3    ####...
 Stone Arrow              Conj/Erth      #.....       100%        3    ####...
 Tukima's Dance           Hex            #.......     100%        3    ####...
 Fulminant Prism          Conj/Hex       #.........   100%        4    #####..
 Hailstorm                Conj/Ice       #.......     100%        4    #####..
 Iskenderun's Mystic Bla  Conj/Tloc      #.......     100%        4    #####..
 Petrify                  Tmut/Erth      #.......     100%        4    #####..
 Summon Ice Beast         Ice/Summ       #.......     100%        4    #####..
 Lee's Rapid Deconstruct  Erth           #.........   100%        5    ######.
 Freezing Cloud           Conj/Ice/Air   #.........   100%        6    #######
 Ring of Flames           Chrm/Fire      #.........   100%        7    #######


Dungeon Overview and Level Annotations

Branches:
Dungeon (10/15)            Temple (1/1) D:6            Lair (1/6) D:8
    Orc: D:9-12

Altars:
Ashenzari
Cheibriados
Dithmenos
Elyvilon
Fedhas
Gozag
Hepliaklqana
Kikubaaqudgha
Makhleb
Nemelex Xobeh
Okawaru
Qazlal
Ru
Sif Muna
Trog
Uskayaw
Vehumet
Wu Jian
Xom
Yredelemnul
Zin
The Shining One
Beogh

Shops:
D:5 (   D:6 (%   D:7 ?   D:8 [   D:9 [   D:10 =


Innate Abilities, Weirdness & Mutations

You reflexively headbutt those who attack you in melee.
You have a pair of horns on your head.


Message History

You thump the crocodile! You headbutt the crocodile.
You kill the crocodile!
Makhleb accepts your kill.
Your Fighting skill increases to level 8!
The five-headed hydra bites you. The five-headed hydra bites you!
The five-headed hydra bites you but does no damage. x3
Unknown command.
You hit the five-headed hydra.
The five-headed hydra is severely wounded.
The five-headed hydra bites you but does no damage. x4
The five-headed hydra bites you. x2
* * * LOW HITPOINT WARNING * * *
The five-headed hydra bites you but does no damage. x3
The five-headed hydra bites you!
* * * LOW HITPOINT WARNING * * *
The five-headed hydra bites you but does no damage.
The five-headed hydra bites you!
* * * LOW HITPOINT WARNING * * *
The five-headed hydra bites you!
You die...

........# .........#
.........## .........P#
.........# .........## ###
..........#####.#######.
................@.......
...............D...........
...........................
#...P###########...........
#...## #...........
#...P###########...........
...........................
...........................
...........................


You could see a five-headed hydra.

Vanquished Creatures
  Harold (D:8)
  Sonja (D:10)
  Pikel (D:9)
  An ugly thing (D:6)
  3 large abominations (Abyss:2)
  A rust devil (Abyss:2)
  2 ancient zymes (Abyss:2)
  A hellwing (Abyss:2)
  A hornet (D:7)
  6 flying skulls (Abyss:2)
  3 hippogriffs
  A shadow (D:7)
  4 yaks (D:8)
  6 orc warriors
  A sky beast (D:7)
  A slave (D:9)
  3 ogres
  A phantom (D:10)
  3 ice beasts
  3 small abominations (Abyss:2)
  A necrophage (D:7)
  3 centaurs
  A crocodile (Lair:1)
  2 big kobolds (D:9)
  Blork the orc (D:4)
  4 bullfrogs
  3 scorpions
  5 howler monkeys
  A centaur zombie (D:9)
  A crimson imp (D:2)
  A starcursed mass (Abyss:2)
  A quasit (D:8)
  3 bullfrog zombies
  5 orc priests
  2 jellies
  A centaur skeleton (D:8)
  5 hounds
  An iron imp (Abyss:2)
  3 bullfrog skeletons
  Natasha (thrice) (D:3)
  3 iguanas
  11 orc wizards
  8 worker ants
  A killer bee zombie (D:8)
  A hound zombie (D:10)
  A howler monkey skeleton (D:7)
  2 howler monkey zombies
  6 adders
  3 gnolls (D:3)
  2 shadow imps
  A white imp (Abyss:2)
  2 adder zombies
  2 adder skeletons
  5 worms
  A dart slug (D:4)
  11 leopard geckos
  44 orcs
  9 giant cockroaches
  6 goblins
  4 hobgoblins
  10 jackals
  6 quokkas
  2 ball pythons
  2 bats (D:3)
  A frilled lizard (D:3)
  12 kobolds
  2 leopard gecko skeletons
  2 rats
  8 fungi (D:8)
  A lurking horror (Abyss:2)
  A starspawn tentacle (Abyss:2)
261 creatures vanquished.

Vanquished Creatures (collateral kills)
  2 starcursed masses (Abyss:2)
2 creatures vanquished.

Vanquished Creatures (others)
  2 crimson imps (D:9)
  2 starspawn tentacles (Abyss:2)
4 creatures vanquished.

Grand Total: 267 creatures vanquished

Notes
Turn   | Place    | Note
-------+----------+-------------------------------------------
     0 | D:1      | Almogavar the Minotaur Fighter began the quest for the Orb.
     0 | D:1      | Reached XP level 1. HP: 19/19 MP: 0/0
   442 | D:1      | Reached XP level 2. HP: 27/27 MP: 1/1
   817 | D:2      | Reached XP level 3. HP: 33/33 MP: 2/2
  1081 | D:2      | Reached XP level 4. HP: 37/41 MP: 3/3
  1349 | D:2      | Reached XP level 5. HP: 42/47 MP: 4/4
  1393 | D:3      | Reached skill level 1 in Dodging
  1764 | D:3      | Noticed Natasha
  1775 | D:3      | Killed Natasha
  1786 | D:3      | Noticed Natasha
  1792 | D:3      | Killed Natasha
  2230 | D:3      | Noticed Natasha
  2238 | D:3      | Killed Natasha
  2238 | D:3      | Reached skill level 5 in Armour
  2238 | D:3      | Reached XP level 6. HP: 41/55 MP: 5/5
  2425 | D:3      | Reached skill level 5 in Fighting
  2652 | D:4      | Noticed Blork the orc
  2663 | D:4      | Reached skill level 5 in Maces & Flails
  2676 | D:4      | Killed Blork the orc
  2853 | D:4      | Identified the +12 falchion of Duzibuschu {freeze, rF+ MP+9
                  | Str+2 Int+3}
  3307 | D:4      | Reached XP level 7. HP: 60/61 MP: 6/6
  3383 | D:4      | Reached skill level 1 in Long Blades
  3383 | D:4      | Reached skill level 5 in Shields
  3887 | D:5      | Entered Level 5 of the Dungeon
  3949 | D:5      | Reached skill level 2 in Long Blades
  4074 | D:5      | Found Noidul's Weapon Emporium.
  4515 | D:6      | Reached skill level 3 in Long Blades
  4647 | D:6      | Found Ihitaw's Antique Weapon Shop.
  4654 | D:6      | Found a staircase to the Ecumenical Temple.
  4682 | Temple   | Entered the Ecumenical Temple
  4725 | Temple   | Became a worshipper of Makhleb the Destroyer
  4739 | D:6      | Noticed a green ugly thing
  4753 | D:5      | Reached skill level 4 in Long Blades
  4753 | D:5      | Reached XP level 8. HP: 38/70 MP: 7/7
  5046 | D:6      | Reached skill level 5 in Long Blades
  5098 | D:6      | Killed a green ugly thing
  5098 | D:6      | Reached skill level 7 in Long Blades
  5154 | D:6      | Found Nakhlao's Food Boutique.
  5448 | D:7      | Found Jytrahef's Magic Scroll Emporium.
  5451 | D:7      | Bought a scroll of remove curse for 30 gold pieces
  5451 | D:7      | Bought a scroll of magic mapping for 35 gold pieces
  5451 | D:7      | Bought a scroll of identify for 20 gold pieces
  5451 | D:7      | Bought a scroll of identify for 20 gold pieces
  5451 | D:7      | Bought a scroll of identify for 20 gold pieces
  5474 | D:7      | Noticed a hornet
  5480 | D:7      | Killed a hornet
  5480 | D:7      | Reached skill level 8 in Long Blades
  5480 | D:7      | Reached XP level 9. HP: 67/75 MP: 8/8
  5640 | D:7      | Found a transporter.
  5640 | D:7      | Found a transporter.
  5750 | D:7      | Reached skill level 9 in Long Blades
  5752 | D:7      | Reached * piety under Makhleb
  6308 | D:7      | Reached skill level 10 in Long Blades
  6749 | D:8      | Noticed Harold
  6765 | D:8      | Killed Harold
  6765 | D:8      | Reached XP level 10. HP: 84/84 MP: 9/9
  6793 | D:8      | Reached skill level 11 in Long Blades
  7090 | D:8      | Reached ** piety under Makhleb
  7145 | D:8      | Found a roughly hewn altar of Beogh.
  7288 | D:8      | Found a staircase to the Lair.
  7379 | D:8      | Found Cutzaode's Armour Shop.
  7382 | D:8      | Bought a +0 pair of boots of stealth for 138 gold pieces
  7632 | D:9      | Found Zeffirhe's Armour Emporium.
  7636 | D:9      | Reached skill level 12 in Long Blades
  7716 | D:9      | Noticed Pikel
  7724 | D:9      | Killed Pikel
  7952 | D:9      | Found a shadowy altar of Dithmenos.
  8292 | D:9      | Bought a +2 pair of gloves of dexterity for 344 gold pieces
  8311 | D:10     | Entered Level 10 of the Dungeon
  8454 | D:10     | Reached *** piety under Makhleb
  8494 | D:10     | Found Zyephaiv's Jewellery Boutique.
  8501 | D:10     | Found a shimmering altar of Xom.
  9032 | D:10     | Noticed Sonja
  9227 | D:10     | Cast into level 2 of the Abyss (Sonja)
  9280 | Abyss:2  | Noticed a large abomination
  9285 | Abyss:2  | Killed a large abomination
  9285 | Abyss:2  | Reached skill level 13 in Long Blades
  9286 | Abyss:2  | Noticed a starcursed mass
  9318 | Abyss:2  | Noticed a large abomination
  9334 | Abyss:2  | Killed a large abomination
  9334 | Abyss:2  | Reached XP level 11. HP: 78/92 MP: 10/10
  9340 | Abyss:2  | Killed a starcursed mass
  9604 | Abyss:2  | Reached skill level 14 in Long Blades
  9610 | Abyss:2  | Noticed a tentacled starspawn
  9620 | D:10     | Escaped the Abyss
  9856 | D:10     | Killed Sonja
 10179 | Lair:1   | Entered Level 1 of the Lair of Beasts
 10235 | Lair:1   | Noticed a five-headed hydra
 10290 | Lair:1   | Slain by a five-headed hydra

Illustrated notes

Levels and vault maps discovered:
D:1:      lightli_iron_boxes, layout_basic, minmay_pentomino_p2
D:2:      layout_rooms, first_ration, corexii_leaking_fountain
D:3:      layout_basic, uniq_natasha
D:4:      layout_basic, uniq_blork_the_orc
D:5:      layout_cave_pools, serial_shops, shop, chequers_decorated_corner
D:6:      layout_loops_ring, minmay_temple_entry_wispy, serial_shops, shop, shop
D:7:      gammafunk_the_bubble [the_bubble_gammafunk_split], layout_gridville,
          serial_shops, kennysheep_mini_moat
D:8:      layout_loops_ring, dpeg_oklobed_lair, special_room [special_room_orc],
          serial_shops, shop, uniq_harold
D:9:      layout_roguey, nicolae_dithmenos_through_a_glass_darkly, serial_shops,
          nicolae_shop_crystal, blue_anna_alchemist [blue_anna_fruit_fields,
          blue_anna_fruit_fields], billiards_dpeg, uniq_pikel
D:10:     layout_long_grid, serial_shops,
          nicolae_shop_temple_entry_statues_fountains, basic_altar, minmay_puff,
          uniq_sonja
Temple:   nicolae_temple_the_god_donut
Lair:1:   layout_long_grid, infiniplex_staircase_pool, uniq_nergalle

Skill      XL: |  1  2  3  4  5  6  7  8  9 10 11 |
---------------+----------------------------------+-----
Fighting       | 4 5 6 7 8 |  8.0
Armour         | 4 5 6 7 8 9 |  9.8
Shields        | 4 5 6 7 9 |  9.7
Maces & Flails | 3 4 5 |  5.8
Dodging        | 1 2 |  2.9
Long Blades    | 4 8 10 13 14 | 14.1
Stealth        | |  0.2
Invocations    | |  0.9

Action                   |  1- 3 |  4- 6 |  7- 9 | 10-12 || total
-------------------------+-------+-------+-------+-------++-------
Melee: Flail             |    60 |   130 |       |       ||   190
       Headbutt          |     9 |    25 |    29 |    56 ||   119
       Falchion          |       |     6 |   192 |   265 ||   463
       Great mace        |       |       |       |     9 ||     9
Invok: Lesser Servant of |       |       |       |     2 ||     2
Evoke: Wand              |       |       |       |     1 ||     1
  Use: Scroll            |     1 |     1 |     7 |     7 ||    16
       Potion            |       |       |       |     2 ||     2
  Eat: Chunk             |       |     7 |    12 |     8 ||    27
       Ration            |       |       |       |     1 ||     1
Armor: Scale mail        |    21 |    27 |     2 |       ||    50
       Chain mail        |       |       |    57 |       ||    57
       Plate armour      |       |       |     3 |   121 ||   124
Dodge: Dodged            |    20 |    41 |    65 |    84 ||   210
Block: Kite shield       |    24 |    54 |   102 |   120 ||   300
       Rpst.: Falchion   |       |       |    22 |    17 ||    39
